AoeStats
← Hans-Joachim

Black Forest

506695507Analyzed
3v3 RM · 16d ago on Sep 14, 2026· 40m 40s· 6 players
Game mode
Random Map
Map size
Normal (6 player)
Population
200
Speed
Normal
Resources
Standard
Victory
Conquest
Starting age
Dark Age
Ending age
Imperial Age
RankedLock teamsTeams togetherTeam positionsShared explorationLock speedFull tech treeHidden civsTurbo modeCheats
Victory
Defeat
🇨🇭 Vikings · Switzerland
1083
+13
🇵🇦 Malians · Panama
1082
+13
🇺🇾 Hindustanis · Uruguay
1044
+14
🇩🇪 Franks · Germany
1080
-16
🇩🇪 Mongols · Germany
995
-13
🇩🇪 Britons · Germany
943
-32
juanjoreloco39
9:04 Loom
13:18 Feudal Age
14:47 Double-Bit Axe
14:48 Horse Collar
17:25 Castle Age
15:43 Gold Mining
17:27 Fishing Lines
18:56 Bow Saw
19:41 Wheelbarrow
20:15 Gillnets
22:05 Gold Shaft Mining
23:07 Hand Cart
22:49 Stone Mining
24:12 Heavy Plow
25:26 Town Watch
26:27 Town Patrol
28:56 Stone Shaft Mining
29:38 Fletching
32:54 Imperial Age
31:14 Bodkin Arrow
31:30 Forging
31:51 Ballistics
31:30 Murder Holes
31:15 Elite Skirmisher
33:43 Bloodlines
35:02 Block Printing
35:08 Sanctity
34:51 Bracer
34:52 Padded Archer Armor
34:58 Scale Barding Armor
36:51 Chemistry
36:02 Fortified Wall
37:17 Two-Man Saw
37:32 Conscription
37:14 Grand Trunk Road
37:54 Redemption
38:14 Illumination
38:11 Fervor
38:38 Iron Casting
38:24 Chain Barding Armor
38:20 Leather Archer Armor
38:49 Scale Mail Armor
38:12 Heavy Camel Rider
38:54 Husbandry
39:58 Imperial Camel Rider
41:49 Plate Barding Armor
42:14 Blast Furnace
Lecter-
0:27 Loom
12:39 Feudal Age
13:05 Double-Bit Axe
13:13 Gold Mining
13:14 Stone Mining
13:17 Horse Collar
20:51 Castle Age
20:02 Forging
20:59 Scale Mail Armor
22:09 Heavy Plow
22:21 Bow Saw
23:31 Gold Shaft Mining
30:08 Squires
30:47 Chain Mail Armor
31:08 Iron Casting
34:37 Imperial Age
32:45 Iron Casting
33:24 Chieftains
33:03 Man-at-Arms
33:28 Gambesons
34:42 Long Swordsman
35:09 Arson
35:47 Conscription
36:01 Plate Mail Armor
36:32 Blast Furnace
35:31 Two-Handed Swordsman
36:33 Champion
P2Phantom
1:11 Loom
12:03 Feudal Age
17:56 Horse Collar
20:36 Castle Age
19:50 Double-Bit Axe
20:41 Fletching
21:06 Elite Skirmisher
21:44 Bodkin Arrow
22:44 Padded Archer Armor
27:12 Bow Saw
27:18 Heavy Plow
27:53 Gold Mining
30:37 Leather Archer Armor
31:48 Scale Mail Armor
34:03 Gold Shaft Mining
33:23 Stone Mining
33:42 Murder Holes
33:58 Squires
35:14 Wheelbarrow
34:39 Treadmill Crane
35:11 Fortified Wall
34:30 Pikeman
36:33 Stone Shaft Mining
39:33 Imperial Age
37:20 Arson
38:09 Chain Mail Armor
38:05 Forging
38:39 Scale Barding Armor
39:06 Hand Cart
39:19 Husbandry
39:38 Bloodlines
41:22 Chemistry
39:45 Light Cavalry
39:51 Cavalier
41:25 Ring Archer Armor
41:30 Iron Casting
41:16 Chain Barding Armor
Hans-Joachim
0:30 Loom
19:50 Feudal Age
26:28 Castle Age
24:29 Gold Mining
24:41 Horse Collar
30:43 Fletching
30:46 Crossbowman
33:34 Wheelbarrow
33:25 Pikeman
34:06 Squires
33:51 Arson
DUn!T_Lope2
0:37 Loom
16:07 Feudal Age
16:59 Double-Bit Axe
18:41 Horse Collar
23:19 Castle Age
21:49 Fletching
22:38 Gold Mining
22:49 Stone Mining
27:51 Bow Saw
29:11 Bodkin Arrow
31:10 Padded Archer Armor
32:17 Bloodlines
32:08 Husbandry
32:59 Leather Archer Armor
tommespommes
11:59 Loom
14:56 Feudal Age
16:36 Gold Mining
16:36 Double-Bit Axe
19:07 Castle Age
22:40 Wheelbarrow
22:49 Wheelbarrow
22:40 Bow Saw
23:31 Gold Shaft Mining
25:30 Hand Cart
32:11 Imperial Age
30:57 Town Watch
31:23 Scale Barding Armor
31:29 Forging
32:15 Ballistics
32:55 Town Patrol
33:44 Iron Casting
33:30 Chain Barding Armor
34:29 Cavalier
35:25 Husbandry
35:24 Stone Mining
37:28 Plate Barding Armor
37:54 Blast Furnace
Connection lost

Rejoining the realm…

Still unreachable

The connection could not be restored.

Session expired

The server has moved on; the page needs a fresh start.